Cogmind - Beta 16 @@@ ROGUE MODE // 2025.11.14 @ 12:06:36 Player: AllieBrymm Result: Destroyed by Y-45 Defender with Beam Rifle Performance ------------- Evolutions (0) 0 Regions Visited (3) 600 Robots Destroyed (19) 95 Value Destroyed (441) 441 Prototype IDs (4) 80 Alien Tech Used (0) 0 Bonus (0) 0 TOTAL SCORE: 1216 Bonus ------- None Cogmind --------- Core Integrity 0/250 Matter 300/300 Energy 120/125 System Corruption 0% Temperature Cool (9) Movement Walking (190) Ox1 Location -9/Recycling Parts ------- > --- POWER (1) -------- Light Ion Engine > --- PROPULSION (2) --- Aluminum Leg > --- UTILITY (2) ------ Small Storage Unit Propulsion Shielding > --- WEAPON (2) ------- Maul Maul > --- INVENTORY (8) ---- Disposable Heat Sink Small Storage Unit Scrap Shield Subdweller Machine Gun Battle Cannon Scrap Shield Fragment (49) Peak State ------------ > --- POWER ------------ Light Ion Engine > --- PROPULSION ------- Aluminum Leg Subdweller Monowheel > --- UTILITY ---------- Small Storage Unit Propulsion Shielding > --- WEAPON ----------- Subdweller Machine Gun Battle Cannon > --- INVENTORY -------- Subdweller Monowheel Disposable Heat Sink Scrap Shield Scrap Shield Fragment [Rating: 11] Favorites ----------- Power Light Ion Engine Engine Light Ion Engine Propulsion Aluminum Leg Leg Aluminum Leg Wheel Subdweller Monowheel Utility Small Storage Unit Storage Small Storage Unit Protection Propulsion Shielding Weapon Assault Rifle Ballistic Gun Assault Rifle Ballistic Cannon Battle Cannon Impact Weapon Maul Build | -11 -10 -10 -9 ------- Run | Yrd Mat Sub Rec Slots Evolved . | . . . . Power . | . . . . Propulsion . | . . . . Utility . | . . . . Weapon . | . . . . Parts Attached 15 | 6 . 5 4 Power 2 | 1 . 1 . Engine 2 | 1 . 1 . Core . | . . . . Reactor . | . . . . Propulsion 4 | 2 . 1 1 Treads . | . . . . Leg 2 | 2 . . . Wheel 2 | . . 1 1 Hover . | . . . . Flight . | . . . . Utility 3 | 1 . 1 1 Device . | . . . . Storage 2 | 1 . . 1 Processor . | . . . . Hackware . | . . . . Protection 1 | . . 1 . Artifact . | . . . . Weapon 6 | 2 . 2 2 Energy Gun . | . . . . Energy Cannon . | . . . . Ballistic Gun 3 | 2 . 1 . Ballistic Cannon 1 | . . 1 . Launcher . | . . . . Special Weapon . | . . . . Impact Weapon 2 | . . . 2 Slashing Weapon . | . . . . Piercing Weapon . | . . . . Special Melee Weapon . | . . . . Unidentified Prototypes . | . . . . Parts Lost 4 | . . 4 . Power 1 | . . 1 . Propulsion 1 | . . 1 . Utility . | . . . . Weapon 2 | . . 2 . Highest Loss Streak 3 | . . 3 . To Critical Strikes . | . . . . Average Backups 5 | 1 2 6 4 Power . | . 1 . . Propulsion . | . . 1 . Utility 2 | . . 1 2 Weapon 2 | . 1 3 1 Tool/Special . | . . . . Unused Backups 5 | . . 3 2 Power . | . . . . Propulsion . | . . . . Utility 2 | . . . 2 Weapon 3 | . . 3 . Tool/Special . | . . . . Average Slot Usage (%) 89 | . 85 90 88 Engine 13 | . 14 13 14 Leg 20 | . 28 27 14 Wheel 1 | . . . 3 Storage 14 | . 14 14 14 Protection 9 | . . 6 14 Ballistic Gun 14 | . 28 27 1 Ballistic Cannon 1 | . . . 1 Impact Weapon 11 | . . . 23 Peak Build Rating 11 | 6 6 11 11 Average Rating 8 | 3 6 7 9 On Entrance 5 | . 6 6 11 Avg Prop Armor Cover (%) 10 | . . . 10 Naked Turns . | . . . . Heaviest Build 16 | 12 12 16 16 Greatest Support 20 | 20 20 20 20 Greatest Overweight (x) 5 | 3 . 1 5 Average Overweight (x) . | 1 . . . Largest Inventory Capacity 8 | 8 8 8 8 Average Capacity 7 | 7 8 8 8 Most Carried 8 | 4 3 8 7 Average Carried 6 | 1 2 7 6 Final Capacity 8 | 8 8 8 8 Final Carried 7 | 2 3 5 7 Class Distribution -------------------- 100% | Mutant Dominant Class ---------------- Mutant | -10/Materials Mutant | -10/Subcaves Mutant | -9/Recycling Resources | -11 -10 -10 -9 ----------- Run | Yrd Mat Sub Rec Matter Collected 541 | 34 23 377 107 Remotely . | . . . . Salvage Created 778 | . 23 278 477 Parts 33 | . 3 20 10 Haulers Intercepted . | . . . . Recyclers Shooed . | . . . . Parts Field Recycled . | . . . . Retrieved Matter . | . . . . Parts Self-Destructed 12 | . . 12 . Prevented . | . . . . Parts Restored . | . . . . Kills | -11 -10 -10 -9 ------- Run | Yrd Mat Sub Rec Combat Hostiles Destroyed 11 | . . 9 2 Melee 1 | . . . 1 Guns 9 | . . 9 . Classes Destroyed 6 | . 1 4 1 Recycler 5 | . . . 5 Turret 2 | . . 2 . Watcher 1 | . 1 . . Swarmer 4 | . . 4 . Sentry 3 | . . 1 2 Subdweller 4 | . . 4 . Best Kill Streak 6 | . 1 6 4 Combat Bots Only 4 | . . 4 1 Max Kills in Single Turn 1 | . 1 1 1 Gunslinging . | . . . . Exploded . | . . . . Melee 1 | . . . 1 Uniques/NPCs Destroyed . | . . . . Combat | -11 -10 -10 -9 -------- Run | Yrd Mat Sub Rec Hostile Shots Fired 120 | . . 109 11 Missed 37 | . . 35 2 Hits 83 | . . 74 9 Projectile 83 | . . 74 9 Critical Strikes 2 | . . . 2 Actively Blocked 1 | . . . 1 Damage Taken 932 | . . 795 137 Core 261 | . . 185 76 Absorbed by Shields . | . . . . Redirected to Shielding 30 | . . 26 4 Core Remaining (%) 100 | 100 . . . Volleys Fired 41 | . 1 40 . Largest 2 | . 2 2 . Hottest 63 | . 40 63 . Shots Fired 72 | . 2 70 . Gun 68 | . 2 66 . Cannon 4 | . . 4 . Launcher . | . . . . Special . | . . . . Kinetic 72 | . 2 70 . Thermal . | . . . . Explosive . | . . . . Electromagnetic . | . . . . Robot Hit Streak 10 | . 1 10 . Robot Miss Streak 3 | . . 3 . Penetration Max . | . . . . Secondary Targets 2 | . . 2 . Max Gunslinging Chain 1 | . . 1 . Shots Hit Robots 59 | . 1 48 10 Core Hits 24 | . 1 20 3 Critical Kills 1 | . . . 1 Critical Parts Destroyed 3 | . . . 3 Critical Strikes 5 | . . 1 4 Destroy 1 | . . 1 . Smash 4 | . . . 4 Melee Attacks 13 | . . . 13 Impact 13 | . . . 13 Slashing . | . . . . Piercing . | . . . . Sneak Attacks 6 | . . . 6 Combat Hostiles . | . . . . Follow-up Attacks . | . . . . Damage Inflicted 1300 | . 14 706 580 Guns 675 | . 14 661 . Cannons 45 | . . 45 . Explosions . | . . . . Melee 575 | . . . 575 Ramming 5 | . . . 5 Kinetic 720 | . 14 706 . Thermal . | . . . . Explosive . | . . . . Electromagnetic . | . . . . Impact 575 | . . . 575 Slashing . | . . . . Piercing . | . . . . Highest Corruption . | . . . . Average Corruption . | . . . . Corruption Purged . | . . . . Corruption Blocked . | . . . . Overload Shots . | . . . . Overflow Damage 235 | . . . 235 Projectiles . | . . . . Explosions . | . . . . Melee 235 | . . . 235 Knockbacks 1 | . . 1 . Impact . | . . . . Kinetic 1 | . . 1 . Secondary . | . . . . Self-Inflicted Damage 2 | . . . 2 Shots . | . . . . Rammed 1 | . . . 1 Targets Rammed 1 | . . . 1 Kicked . | . . . . Crushed . | . . . . Highest Temperature 8 | . . . 8 Average Temperature 8 | . . . 8 Received Heat Transfer 351 | . . 279 72 Siege Activations . | . . . . Martial Activations . | . . . . Shielding Activations . | . . . . Robots Disrupted . | . . . . Combat Hostiles . | . . . . Robots Corrupted 1 | . . . 1 Combat Hostiles 1 | . . . 1 Parts Fried 5 | . . . 5 Impact Corruptions 6 | . . . 6 Robots Melted . | . . . . Combat Hostiles . | . . . . Parts Melted . | . . . . Heat Transferred . | . . . . Parts Sabotaged . | . . . . Parts Stolen . | . . . . Parts Stripped . | . . . . Power Chain Reactions . | . . . . Alert | -11 -10 -10 -9 ------- Run | Yrd Mat Sub Rec Maximum Alert Level . | . . . . Low Security (%) 100 | 100 100 . 100 Level 1 . | . . . . Level 2 . | . . . . Level 3 . | . . . . Level 4 . | . . . . Level 5 . | . . . . High Security . | . . . . Max Security . | . . . . Peak Influence 71 | . 12 . 71 Initial 57 | . . . 57 Average 9 | . 2 . 11 Influence Increases 305 | . 12 200 93 Destroy 0b10 Robot/C 180 | . . 140 40 Destroy 0b10 Robot/NC 30 | . 5 . 25 Destroy Leader 2 | . 2 . . Successful Hack 33 | . 5 . 28 Lose Combat Pursuer 60 | . . 60 . Influence Decreases 305 | . 12 80 213 Entered New Map 63 | . . . 63 Time Decay 212 | . 12 50 150 Lost Part 30 | . . 30 . Squads Dispatched 1 | . 1 . . Investigation . | . . . . Extermination . | . . . . Reinforcement 1 | . 1 . . Assault . | . . . . Garrison . | . . . . Intercept . | . . . . Searches Triggered . | . . . . Construction Impeded . | . . . . Haulers Reinforced . | . . . . Active Scanning Responses . | . . . . Cargo Convoy Interrupts . | . . . . Stealth | -11 -10 -10 -9 --------- Run | Yrd Mat Sub Rec Distress Signals . | . . . . Communications Jammed . | . . . . Distress Signals . | . . . . Times Spotted 16 | . 2 12 2 Peak Tracking Total 3 | . 1 3 1 Tactical Retreats 2 | . . 2 . Traps | -11 -10 -10 -9 ------- Run | Yrd Mat Sub Rec Traps Triggered 1 | . . 1 . Indirectly . | . . . . Trap Hack Attempts . | . . . . Triggered . | . . . . Disarmed . | . . . . Reprogrammed . | . . . . Reused . | . . . . Traps Extracted . | . . . . Installed . | . . . . Triggered . | . . . . Machines | -11 -10 -10 -9 ---------- Run | Yrd Mat Sub Rec Machines Disabled 1 | . . 1 . Max in Single Turn 1 | . . 1 . Machines Repaired . | . . . . Machines Dismantled . | . . . . Machines Sabotaged . | . . . . Overloaded Fab Kills . | . . . . Hacking | -11 -10 -10 -9 --------- Run | Yrd Mat Sub Rec Machines Accessed 6 | . 1 . 5 Terminals 5 | . 1 . 4 Fabricators . | . . . . Repair Stations . | . . . . Recycling Units 1 | . . . 1 Scanalyzers . | . . . . Garrison Access . | . . . . Total Hacks 20 | . 4 . 16 Successful 15 | . 3 . 12 Failed 5 | . 1 . 4 Catastrophic 1 | . . . 1 Database Lockouts . | . . . . Manual 6 | . 3 . 3 Terminals 19 | . 4 . 15 Fabricators . | . . . . Repair Stations . | . . . . Recycling Units 1 | . . . 1 Scanalyzers . | . . . . Garrison Access . | . . . . Terminal Hacks 10 | . 1 . 9 Record 1 | . . . 1 Prototype ID Bank 2 | . 1 . 1 Branch Access Points 1 | . . . 1 Alert Level 1 | . . . 1 Surveillance Status 1 | . . . 1 Hauler Manifests 1 | . . . 1 Registered Components 1 | . . . 1 Zone Layout 2 | . . . 2 Fabricator Hacks . | . . . . Repair Station Hacks . | . . . . Recycling Unit Hacks 1 | . . . 1 Retrieve Components 1 | . . . 1 Scanalyzer . | . . . . Garrison Access Hacks . | . . . . Unauthorized Hacks 4 | . 2 . 2 Terminals 4 | . 2 . 2 Track 2 | . 1 . 1 Botnet 2 | . 1 . 1 Fabricators . | . . . . Repair Stations . | . . . . Recycling Units . | . . . . Scanalyzers . | . . . . Garrison Access . | . . . . Data Cores Recovered . | . . . . Used . | . . . . Hacking Detections 3 | . . . 3 Full Trace Events 1 | . . . 1 Feedback Events . | . . . . Feedback Blocked . | . . . . Robot Schematics Acquired . | . . . . Robots Built . | . . . . Authchips . | . . . . Time . | . . . . Total Robot Build Rating . | . . . . Part Schematics Acquired . | . . . . Parts Built . | . . . . Authchips . | . . . . Time . | . . . . Total Part Build Rating . | . . . . Part Studies Acquired . | . . . . Parts Repaired . | . . . . Time . | . . . . Parts Recycled . | . . . . Recycled Matter . | . . . . Retrieved Matter . | . . . . Retrieved Components 3 | . . . 3 Parts Scanalyzed . | . . . . Part Schematics Acquired . | . . . . Parts Damaged . | . . . . Bothacking | -11 -10 -10 -9 ------------ Run | Yrd Mat Sub Rec Used RIF Installer . | . . . . Robots Hacked . | . . . . Non-combat . | . . . . Combat . | . . . . Robot Hacks Applied . | . . . . Relay Couplers Released . | . . . . Fabnet Peak Effective % . | . . . . Robots Rewired . | . . . . Allies Hacked . | . . . . Hacks Repelled . | . . . . Allies | -11 -10 -10 -9 -------- Run | Yrd Mat Sub Rec Total Allies . | . . . . Largest Group . | . . . . Highest-Rated Group . | . . . . Highest-Rated Ally . | . . . . Total Orders . | . . . . Ally Attacks . | . . . . Total Damage . | . . . . Kills . | . . . . Allies Corrupted . | . . . . Allies Melted . | . . . . Intel | -11 -10 -10 -9 ------- Run | Yrd Mat Sub Rec Active Infowar (turns) . | . . . . Robot Analysis Total . | . . . . Derelict Logs Recovered 2 | . . 2 . Drone Launches . | . . . . Drone Recoveries . | . . . . Exploration | -11 -10 -10 -9 ------------- Run | Yrd Mat Sub Rec Turns Passed 1799 | 61 83 802 853 Spaces Moved 1091 | 33 66 494 498 Core 23 | 19 . . 4 Treads . | . . . . Legs 888 | 14 66 493 315 Wheels 180 | . . 1 179 Hover . | . . . . Flight . | . . . . Fastest Speed 50 | 50 120 110 110 Average Speed 140 | 149 120 120 161 Slowest Speed 300 | 200 120 190 300 Overloaded Moves . | . . . . Propulsion Burnouts . | . . . . Robots Hopped . | . . . . Potential Cave-ins . | . . . . Cave-ins Triggered . | . . . . Exploration Rate (%) 36 | 4 16 41 84 Regions Visited 3 Branch Regions 2 Pre-discovered Areas . | . . . . Known Exits Taken . | . . . . Unknown Exits Taken 3 | 1 1 1 . Scrap Searched . | . . . . Spaces Dug . | . . . . Terrain Destroyed . | . . . . Melee . | . . . . Projectile . | . . . . AOE . | . . . . Terrain Rammed . | . . . . Walls Destroyed . | . . . . Machines Disabled . | . . . . Actions | -11 -10 -10 -9 --------- Run | Yrd Mat Sub Rec Total 1260 | 42 68 628 522 Wait 83 | . 1 78 4 Move 1088 | 32 65 493 498 Hop . | . . . . Pick Up 15 | 4 1 9 1 Fast Attach 5 | 4 . . 1 Attach 7 | 2 . 5 . Detach 1 | . . . 1 Swap 3 | . . . 3 Drop 5 | . . 3 2 Fire 41 | . 1 40 . Melee 11 | . . . 11 Ram 1 | . . . 1 Kick . | . . . . Crush . | . . . . Escape Stasis . | . . . . Rewire . | . . . . Trap . | . . . . Miscellaneous . | . . . . Route ------- -11/Scrapyard -10/Materials -10/Subcaves -9/Recycling (discovered 1 exit: [*Fac]) History --------- Turn | Location | Event 24 | -11/Scrapyard | Discovered new exit (range 14) 62 | -11/Scrapyard | Entered Materials 138 | -10/Materials | Discovered new exit (range 7) 145 | -10/Materials | Entered Subcaves 146 | -10/Subcaves | Approached by a straggling Scientist 150 | -10/Subcaves | Learned location of 1 exit from Materials 308 | -10/Subcaves | Build established: Mutant 469 | -10/Subcaves | Ambushed by Subdwellers from Twisted Machinery 565 | -10/Subcaves | Shifting Twisted Machinery released Sub. Machine Gun 572 | -10/Subcaves | Shifting Twisted Machinery released Sub. Beam Cannon 856 | -10/Subcaves | Shifting Twisted Machinery released Battle Cannon 856 | -10/Subcaves | Shifting Twisted Machinery released Battle Rifle 899 | -10/Subcaves | Discovered new exit (range 8) 910 | -10/Subcaves | Core integrity fell below 50% 938 | -10/Subcaves | Lost 3 parts (1n2w) 947 | -10/Subcaves | Entered Recycling 1189 | -9/Recycling | Discovered new exit (range 15) 1207 | -9/Recycling | Core integrity fell below 20% 1800 | -9/Recycling | Destroyed by Y-45 Defender with Beam Rifle Last Messages --------------- Lgt. Ion Engine fried. R-06 Scavenger destroyed. R-06 Scavenger collects Hvy. Assault Rifle. R-06 Scavenger inserts Hvy. Assault Rifle into recycling unit. Y-45 Defender springs to life. Y-45 Defender suffers critical hit (Smash). Destroyed Heat Sink. Y-45 Defender system corrupted by crushing effect. Y-45 Defender suffers critical hit (Smash). Destroyed Heat Sink. Y-45 Defender system corrupted by crushing effect. Y-45 Defender system terminally corrupted. Beam Rifle fried. R-06 Scavenger collects Corrupted Lgt. Treads. R-06 Scavenger collects Corrupted Hvy. Assault Rifle. Sneak attack on Y-45 Defender. Y-45 Defender suffers critical hit (Smash). Destroyed Imp. Ion Engine. Y-45 Defender system corrupted by crushing effect. Y-45 Defender springs to life. Map ----- +----------------------------------------------------+ | #?# ##]]]#??????????????????? | | #?###########/#############] ]#######????????????? | | ###T####### #????????????? | | #????????????? | | #????????????? | | #????????????? | | ## ########+######????????????? | | ## """ """ ""## #?????????????? | | ## """"" """"" T"## ! #?????????????? | | ?# """"" """"" ""## ! #?????????????? | | ?# """"" """"" #### = ! #?????????????? | | ?# """ """ #### !#?????????????? | | ?+ # * #?????????????? | | ?# # [ #?????????????? | | ?# """ """ # ! #?????????????? | | ?# """"" """"" ###########?????????????? | | ?# """"" """"" #???????????????????????? | | ?# """"" """"" ##???????#############??? | | ?# """ """ u######### #??? | | ## + """ #??? | | # ######### "Y" #??? | | # #???????# #??? | | + ########+######### #???????#############??? | | # #?# #?# #??????????????????????? | | # #?# #?# #??????????????????????? | | # #?# #?# @#??????????????????????? | | # #?# #?# Y#?????????????????????? | | # #?# #?# ##?????????????????????? | | #####?# #?# #??????????????????????? | | ##?????# #?# #??????????????????????? | | ???????# #?# #??????????????????????? | | ???????# #? ??????????????????????? | | ???????# #? r??????????????????????? | | ???????# ## ??????????????????????? | | ???????# ## ??????????????????????? | | ???????# ######### ### ??????????????????????? | | ???????##?????????##?######??????????????????????? | | ##########???????????????????????????????????????? | | / !!#???????????????????????????????????????? | | = !#???????????????????????????????????????? | | ! #???????????????????????????????????????? | | [ #???????????????????????????????????????? | | #???????????????????????????????????????? | | #???????????????????????????????????????? | | [ !]% #?#######???????????????????????????????? | | #######+#### #???????????????????????????????? | | #???????????????????????????????? | | #???????????????????????????????? | | #???????????????????????????????? | | ###### ### #???????????????????????????????? | +----------------------------------------------------+ Best States ------------- Heat Dissipation 25 Energy Generation 10 Energy Capacity 125 Matter Stores 300 Matter Capacity 300 Sight Range 16 Terrain Scan Density 10 Propulsion Shielding 33 Evasion (%) 55 Item Schematics ----------------- None Robot Schematics ------------------ None Fabricated ------------ Nothing Repaired ---------- Nothing Studied --------- None Alien Tech Used ----------------- None Achievements -------------- None Challenges ------------ None Game ------ Seed SpikedFocalCoupler Manual? 0 Play Time 00:10:41 Cumulative 24.5 hours Start 2025.11.14 @ 11:56:28 End 2025.11.14 @ 12:06:36 Sessions 1 Manual Loads 0 Difficulty Rogue Special Mode None Game No. 18 Rogue 18 Adventurer 0 Explorer 0 Win Type - Total 0 Types 0/0/0/0/0/0/0/0/0/0 Lore% 21 Gallery% 34 Achievement% 24 Wizard Run 0 Options --------- Layout 0 ASCII 0 Keyboard 0 Movement Numpad Keybinds 0 Fullscreen 2 Font 18/Terminus Map View 76x50 Zoom Use 0% Tactical HUD 0 Map Filters NONE Filters NONE Steam 1 RUN: 35809ecd-7073-4d85-af9f-9f518c398593